 Seeded DCSS version 0.32-a0-33-g74fbe469d6 (webtiles) character file.

Game seed: 9872065412798756122 (custom seed)

2667 timneilson the Ducker (level 9, -1/62 HPs)
             Began as an Octopode Shapeshifter on Jan 20, 2024.
             Was an Initiate of Gozag.
             Slain by a steam dragon (2 damage)
             ... on level 7 of the Dungeon.
             The game lasted 00:16:29 (6517 turns).

timneilson the Ducker (Octopode Shapeshifter)       Turns: 6517, Time: 00:16:29

Health: -1/62      AC:  1    Str: 17    XL:     9   Next: 63%
Magic:  0/9        EV: 16    Int: 18    God:    Gozag
Gold:   824        SH:  0    Dex: 16    Spells: 8/8 levels left

rFire   . .          .
                       - Unarmed
rCold   . . .        (no shield)
rNeg    + . .        (helmet currently unavailable)
rPois   .            l - amulet of guardian spirit
rElec   .            u - ring of Gushezic {rN+ Int+6 Dex+4}
rCorr   .            (no ring)
SInv    .            (no ring)
Will    .....        (no ring)
Stlth   ++++         (no ring)
HPRegen 0.30/turn    (no ring)
MPRegen 0.11/turn    (no ring)
                     (no ring)

%: guardian spirit
@: beast-form, gold aura, studying 2 skills
A: beast (slay +3), almost no armour, amphibious, 8 rings, camouflage 1,
gelatinous body 1, (nimble swimmer 1), tentacles
a: Begin Untransformation, Renounce Religion, Potion Petition, Call Merchant,
Bribe Branch


You were on level 7 of the Dungeon.
You worshipped Gozag.
Gozag was pleased with you.
You were a hulking beast.
You visited 2 branches of the dungeon, and saw 8 of its levels.

You collected 864 gold pieces.
You paid 40 gold pieces to Gozag.

Inventory:

Jewellery
 l - an amulet of guardian spirit (around mantle)
 u - the ring of Gushezic (left tentacle) {rN+ Int+6 Dex+4}
   (You acquired it on level 6 of the Dungeon)

   [ring of intelligence]

   Int+6:     It affects your intelligence (+6).
   Dex+4:     It affects your dexterity (+4).
   rN+:       It protects you from negative energy.
 v - a ring of wizardry
Talismans
 b - a beast talisman
 c - a flux talisman
 o - a talisman of death
Wands
 q - a wand of paralysis (4)
 t - a wand of iceblast (6)
Scrolls
 d - 3 scrolls of revelation
 f - a scroll of teleportation
 g - a scroll of silence {unknown}
 i - 2 scrolls of brand weapon
 k - a scroll of poison
 m - a scroll of blinking {unknown}
 r - a scroll of fog
 s - 2 scrolls of amnesia
 w - a scroll of identify
Potions
 a - a potion of lignification
 e - 3 potions of magic {unknown}
 h - 2 potions of enlightenment
 j - 2 potions of curing
 n - a potion of brilliance
 p - 3 potions of mutation
 x - a potion of invisibility


   Skills:
 * Level 5.9 Fighting
 * Level 7.2 Dodging
 + Level 6.4 Stealth
 * Level 6.7 Unarmed Combat
 + Level 1.2 Evocations
 * Level 6.2 Shapeshifting


You had 8 spell levels left.
You didn't know any spells.
Your spell library contained the following spells:

 Spells                   Type           Power      Damage    Failure   Level
 Call Imp                 Summ           0%         N/A       32%         2
 Ensorcelled Hibernation  Hex/Ice        0%         N/A       32%         2
 Sublimation of Blood     Necr           0%         N/A       32%         2
 Passwall                 Erth           0%         N/A       54%         3
 Swiftness                Air            0%         N/A       54%         3
 Summon Hydra             Summ           0%         N/A       100%        7


Dungeon Overview and Level Annotations

Branches:
Dungeon (7/15)             Temple (1/1) D:5

Altars:
Ashenzari
Cheibriados
Dithmenos
Elyvilon
Fedhas
Gozag
Hepliaklqana
Kikubaaqudgha
Makhleb
Nemelex Xobeh
Okawaru
Qazlal
Ru
Sif Muna
Uskayaw
Vehumet
Wu Jian
Xom
Yredelemnul
Zin
The Shining One

Shops:
D:1 :

Annotations:
D:3 3 runed translucent doors, hgbash's ghost, amateur GrEE
D:4 2 runed translucent doors, hgbash's ghost, weakling GrEE
Temple 2 transporters


Innate Abilities, Weirdness & Mutations

You are a hulking beast.
Your limbs bulge with bestial killing power. (Slay +3)
You cannot wear most types of armour.
You are amphibious.
You can wear up to eight rings at the same time.
Your skin changes colour to match your surroundings (Stealth+).
Your rubbery body absorbs attacks. (AC +1, EV +1)
((You are camouflaged when in or above water. (Stealth+)))
You have tentacles for arms and can constrict up to eight enemies at once.


Message History

Press: ? - help, Shift-Dir - straight line, f/p - deep elf pyromancer
Aim: a deep elf pyromancer, wielding a +2 dagger of holy wrath (heavily wounded)
The mass of ice explodes!
The iceblast engulfs the deep elf pyromancer!!
You kill the deep elf pyromancer!
You hear an angry hiss.
Your Dodging skill increases to level 7!
Your Stealth skill increases to level 6!
Your Evocations skill increases to level 1!
Found 15 gold pieces.
A centaur comes into view.
The centaur wields a +0 shortbow.
The centaur shoots an arrow.
The arrow hits you!
Things that are here:
5 gold pieces; a +2 dagger of holy wrath
Found 14 gold pieces.
The centaur shoots an arrow.
The arrow hits you!
You hear an angry hiss.
A water moccasin comes into view.
The steam dragon breathes steam at you. The ball of steam hits you!
You hear a shout!
You tentacle-slap the steam dragon.
The steam dragon is moderately wounded.
You are engulfed in a cloud of scalding steam.
The steam dragon bites you but does no damage.
The steam dragon claws you.
You bludgeon the steam dragon!
The steam dragon is severely wounded.
You are engulfed in a cloud of scalding steam.
* * * LOW HITPOINT WARNING * * *
The steam dragon barely misses you. x2
You tentacle-slap the steam dragon.
The steam dragon is almost dead.
You are engulfed in a cloud of scalding steam.
* * * LOW HITPOINT WARNING * * *
The steam dragon bites you.
* * * LOW HITPOINT WARNING * * *
The steam dragon claws you.
You die...
Your body crumbles into a pile of gold.

#...####.###.#
#.≈.8.≈......# #. #
.....#.# #.≈...≈.######
#.##.#.#.# #.≈≈.≈≈...#
.......#.# #.≈≈.≈≈...#
.......#.###.≈≈.≈≈...#
.............≈≈_≈≈...#
#.####...###.≈≈≈≈≈...#
#(.......###..≈≈≈..###
#######.Dh§#.......######
#.##§#...###......#
.###.##......##.####.#
.$.D...$......#.# #.##
.#..............##.....
.c...#.............#
...S.#..........#### ....
#........#......# .#$
#.#.....#########


You could see a steam dragon.

Vanquished Creatures
  A deep elf pyromancer (D:7)
  Sigmund (D:3)
  2 ice beasts
  2 ogres
  3 black bears
  A sky beast (D:6)
  2 centaurs
  A kobold brigand (D:3)
  Blork the orc (D:4)
  A bullfrog (D:5)
  2 scorpions
  3 wights (D:6)
  5 hounds
  2 bombardier beetles
  2 orc priests
  3 jellies (D:4)
  3 sleepcaps
  5 iguanas
  2 hound zombies (D:5)
  6 adders
  A white imp (D:6)
  2 ufetubi (D:6)
  A dart slug (D:4)
  2 ribbon worms
  8 orcs
  A bat (D:1)
  10 endoplasms
  A giant cockroach (D:2)
  6 goblins
  10 hobgoblins
  A quokka (D:4)
  2 ball pythons
  2 frilled lizards (D:1)
  12 kobolds
  4 rats
111 creatures vanquished.

Notes
Turn   | Place    | Note
-------+----------+-------------------------------------------
     0 | D:1      | timneilson the Octopode Shapeshifter began the quest for
                  | the Orb.
     0 | D:1      | Reached XP level 1. HP: 13/13 MP: 1/1
   239 | D:1      | Found Logiotz's Book Emporium.
   307 | D:1      | Reached XP level 2. HP: 17/18 MP: 2/2
  1197 | D:2      | Reached skill level 1 in Stealth
  1197 | D:2      | Reached XP level 3. HP: 18/23 MP: 3/3
  1431 | D:2      | Found a faded altar of an unknown god.
  2071 | D:3      | Found a sparkling altar of Nemelex Xobeh.
  2072 | D:3      | Found an opulent altar of Gozag.
  2077 | D:3      | Became a worshipper of Gozag Ym Sagoz the Greedy
  2091 | D:3      | Found a runed translucent gate.
  2091 | D:3      | Found a runed translucent gate.
  2091 | D:3      | Found a runed translucent gate.
  2091 | D:3      | Noticed hgbash's ghost (amateur GrEE)
  2096 | D:3      | Identified the +2 leather armour of Nubi {rElec Regen+}
  2183 | D:3      | Found a shadowy altar of Dithmenos.
  2184 | D:3      | Found a shimmering altar of Xom.
  2344 | D:3      | Noticed Sigmund
  2355 | D:3      | Killed Sigmund
  2356 | D:3      | Reached skill level 3 in Dodging
  2356 | D:3      | Reached XP level 4. HP: 30/30 MP: 4/4
  2356 | D:3      | Reached XP level 5. HP: 35/35 MP: 5/5
  2356 | D:3      | Reached XP level 6. HP: 41/41 MP: 6/6
  2639 | D:3      | Identified the +2 leather armour "Nytall" {rF+ Int+5
                  | Stlth+}
  2738 | D:4      | Noticed a black bear
  2746 | D:4      | Killed a black bear
  3024 | D:4      | Found a snail-covered altar of Cheibriados.
  3276 | D:4      | Found a runed translucent door.
  3298 | D:4      | Found a runed translucent door.
  3299 | D:4      | Noticed hgbash's ghost (weakling GrEE)
  3553 | D:4      | Reached XP level 7. HP: 43/46 MP: 7/7
  3560 | D:4      | Reached skill level 4 in Dodging
  3772 | D:4      | Noticed Blork the orc
  3778 | D:4      | Killed Blork the orc
  4128 | D:5      | Entered Level 5 of the Dungeon
  4161 | D:5      | Reached skill level 5 in Unarmed Combat
  4216 | D:5      | Reached XP level 8. HP: 54/54 MP: 8/8
  4254 | D:5      | Reached skill level 5 in Shapeshifting
  4348 | D:5      | Reached skill level 5 in Dodging
  4440 | D:5      | Found a staircase to the Ecumenical Temple.
  4450 | Temple   | Found a transporter.
  4450 | Temple   | Found a transporter.
  4450 | Temple   | Found a transporter.
  4450 | Temple   | Found a transporter.
  4450 | Temple   | Entered the Ecumenical Temple
  4529 | D:5      | Found a basalt altar of Yredelemnul.
  4736 | D:5      | Found a hide-covered altar of Uskayaw.
  4801 | D:5      | Identified a scroll of acquirement
  4801 | D:5      | Acquired a manual of Dodging
  4947 | D:6      | Reached skill level 5 in Fighting
  4947 | D:6      | Reached skill level 5 in Stealth
  4975 | D:6      | Reached XP level 9. HP: 16/58 MP: 2/9
  5172 | D:6      | Reached skill level 6 in Dodging
  6170 | D:6      | Acquired a staff of air
  6173 | D:6      | Acquired a manual of Stealth
  6175 | D:6      | Acquired the ring of Gushezic {rN+ Int+6 Dex+4}
  6198 | D:7      | Found an ornate altar of the Wu Jian Council.
  6501 | D:7      | Noticed a deep elf pyromancer
  6506 | D:7      | Killed a deep elf pyromancer
  6507 | D:7      | Reached skill level 7 in Dodging
  6507 | D:7      | Reached skill level 1 in Evocations
  6517 | D:7      | HP: 1/62 [steam dragon (5)]
  6517 | D:7      | Slain by a steam dragon

Illustrated notes

Levels and vault maps discovered:
D:1:      dpeg_arrival_stone_temple_mockup, layout_loops_corners, serial_shops,
          shop, minmay_split_cup_large
D:2:      layout_basic, chequers_ecumenical_altar_grove, chequers_jeans
D:3:      cheibrodos_thug_alley, layout_rooms, grunt_temple_overflow_opulence,
          grunt_temple_overflow_open, biasface_ghost_orc_armoury, uniq_sigmund
D:4:      minmay_razor_zed, layout_gridville, cheibriados_altar_1,
          ebering_ghost_sewer_f, serial_bayou, serial_bayou_pond_d,
          serial_bayou_shore_b, serial_bayou_pond_a, serial_bayou_shore_b,
          uniq_blork_the_orc
D:5:      layout_rooms, lemuel_doored_altar, lemuel_zombie_altar_yredelemnul,
          minmay_temple_entry_overgrown, nicolae_underground_beach
D:6:      layout_basic
D:7:      minmay_clustersquares, layout_loops_cross,
          mainiacjoe_overflow_catwalk, kennysheep_windowed_goal
Temple:   hellmonk_temple_divided_pantheon

Skill      XL: |  1  2  3  4  5  6  7  8  9 |
---------------+----------------------------+-----
Stealth        | 1 2 3 4 5 6 |  6.4
Fighting       | 2 3 4 5 |  5.9
Dodging        | 3 4 5 7 |  7.2
Unarmed Combat | 4 5 6 |  6.7
Shapeshifting  | 4 5 6 |  6.2
Evocations     | 1 |  1.2

Action                     |  1- 3 |  4- 6 |  7- 9 || total
---------------------------+-------+-------+-------++-------
  Melee: Unarmed           |    67 |    41 |   163 ||   271
         Constrict         |    13 |    11 |    40 ||    64
         Tentacles         |    13 |    15 |    41 ||    69
         Punch             |       |       |    11 ||    11
  Evoke: Wand              |       |       |     3 ||     3
    Use: Scroll            |    11 |     2 |    11 ||    24
         Potion            |     1 |     1 |     2 ||     4
   Stab: Sleeping          |    10 |     1 |    13 ||    24
         Invisible         |     1 |       |     4 ||     5
         Distracted        |       |       |     2 ||     2
 Armour: Skin              |    23 |    16 |    83 ||   122
  Dodge: Dodged            |    27 |    23 |   102 ||   152

Table legend: (Time is in decaauts)
 A = Elapsed time spent in this place.
 B = Non-inter-level travel time spent in this place.
 C = Inter-level travel time spent in this place.
 D = Time resting spent in this place.
 E = Time spent auto-exploring this place.
 F = Levels seen in this place.
 G = Mean time per level.
                   A        B        C        D        E       F      G
               +--------+--------+--------+--------+--------+-----+--------+
         Total |   6492 |   6306 |    186 |    700 |   3832 |   8 |  811.5 |
       Dungeon |   6491 |   6305 |    186 |    700 |   3832 |   7 |  927.3 |
        Temple |      1 |      1 |      0 |      0 |      0 |   1 |    1.0 |
               +--------+--------+--------+--------+--------+-----+--------+

Top non-repeatable levels by time:
     D:4: 1397 daAuts
     D:6: 1362 daAuts
     D:1: 987 daAuts
     D:2: 969 daAuts
     D:3: 761 daAuts
     D:5: 678 daAuts
     D:7: 334 daAuts
  Temple: 1 daAuts
